Map: Thunderbird LE

Players

Woah

  • Race: Terran Terran
  • League: Diamond
  • Spawn Location: 11:00

Bram - Winner!

  • Race: Protoss Protoss
  • League: Diamond
  • Spawn Location: 5:00

VOD

Have the link to the VOD?

Description

Time

  • Played on: June 14, 2019, 4:33 p.m.
  • Length: 11:05
Show
View Real Time Build Order
Export as new Build Order

Woah Terran 

Build Orders:  

Get SALT Encoding   

  12  0:01  SCV  
  13  0:13  SCV  
  14  0:17  Supply Depot  
  14  0:25  SCV  
  15  0:39  SCV  
  15  0:41  Barracks  
  16  0:44  Refinery  
  16  0:51  SCV  
  17  1:03  SCV  
  18  1:15  SCV  
  19  1:28  SCV  
  21  1:40  Command Center  
  21  1:41  SCV  
  21  1:42  Barracks Reactor  
  21  1:56  Barracks  
  21  2:04  Supply Depot  
  21  2:14  Orbital Command  
  21  2:18  Marine  
  22  2:34  Marine  
  23  2:39  Barracks  
  23  2:41  SCV  
  24  2:45  Barracks Tech Lab  
  24  2:53  SCV, Engineering Bay  
  26  3:01  Orbital Command  
  25  3:08  Stimpack  
  25  3:11  SCV  
  26  3:14  Marine  
  26  3:17  Marine  
  28  3:23  SCV  
  29  3:31  Barracks Tech Lab  
  29  3:32  Terran Infantry Weapons Level 1  
  29  3:33  Marine  
  31  3:34  Marine  
  31  3:40  SCV  
  32  3:42  Refinery  
  32  3:43  Marauder  
  32  3:45  SCV  
  35  3:56  Marine x2  
  35  3:58  SCV  
  35  3:59  SCV  
  39  4:04  Marauder  
  39  4:05  Marauder  
  43  4:10  SCV  
  43  4:11  SCV  
  43  4:16  Supply Depot  
  45  4:18  Refinery  
  45  4:19  Refinery  
  45  4:28  Combat Shield  
  45  4:29  SCV  
  46  4:38  SCV, Supply Depot  
  51  4:45  Marauder x2  
  51  4:46  Marine x2  
  51  4:52  SCV  
  54  4:56  Engineering Bay  
  54  4:57  Supply Depot  
  54  5:00  SCV  
  54  5:04  SCV  
  56  5:09  Factory  
  56  5:12  SCV  
  55  5:22  Missile Turret  
  55  5:25  Marauder, Missile Turret, Marine x3  
  59  5:43  Marine x2  
  59  5:44  Marauder  
  59  5:47  Marauder  
  62  6:01  Marine x2  
  64  6:04  Marine  
  64  6:08  Marine  
  64  6:18  SCV, Marine x2  
  58  6:22  Marine  
  61  6:26  Marauder  
  61  6:27  Terran Infantry Armor Level 1  
  61  6:31  SCV  
  64  6:36  Marine  
  64  6:39  Starport  
  63  6:57  SCV x2  
  63  7:00  Marine x3  
  68  7:08  Marine  
  68  7:09  SCV  
  70  7:21  Supply Depot  
  70  7:22  Factory Reactor  
  70  7:23  Factory Tech Lab  
  70  7:25  Starport Tech Lab  
  70  7:27  Barracks Tech Lab  
  70  7:30  Concussive Shells  
  70  7:31  SCV x2, Marine x2  
  70  7:34  Marauder  
  70  7:37  Supply Depot  
  76  7:43  SCV x2, Raven  
  80  7:44  Siege Tank  
  80  7:49  Armory, Marine  
  84  7:55  Marauder  
  88  7:58  SCV x2  
  88  8:03  Ghost Academy  
  88  8:17  Missile Turret  
  88  8:20  Command Center  
  88  8:31  Marine x2  
  88  8:32  Marauder, Marine  
  93  8:49  Barracks x2  
  93  8:51  Barracks  
  93  9:02  Barracks  
  93  9:08  Starport Reactor  
  93  9:19  Marine  
  94  9:31  Ghost  
  94  9:32  Siege Tank, Marine x2  
  94  9:37  Marine  
  102  9:40  Marine x2  
  96  9:49  Marine  
  96  9:50  Marauder  
  71  9:55  Marine  
  72  10:00  Marine  
  72  10:01  Liberator x2  
  72  10:07  Barracks Reactor x2, Marine, Barracks Tech Lab  
  63  10:11  Marauder  
  66  10:19  Marauder, Marine  
  66  10:20  Marine  
  76  10:28  Marauder, Marine  
  79  10:32  Marine  
  80  10:37  Marine x2  
  80  10:41  Marauder  
  84  10:46  Marine  
  84  10:47  Marine  
Show
View Real Time Build Order
Export as new Build Order

Bram Protoss - Winner!

Build Orders: 1 Gate Expand, Dark Templar Rush 

Get SALT Encoding   

  12  0:02  Probe  
  13  0:14  Probe  
  13  0:18  Pylon  
  14  0:26  Probe  
  15  0:36  Probe  
  15  0:37  Gateway  
  16  0:44  Probe  
  16  0:49  Assimilator  
  17  0:53  Probe  
  18  1:03  Probe  
  18  1:11  Probe  
  20  1:19  Probe  
  21  1:27  Cybernetics Core  
  21  1:37  Nexus  
  21  1:43  Assimilator  
  21  1:52  Pylon  
  21  2:01  Stalker, Probe  
  21  2:05  Warp Gate  
  24  2:23  Probe  
  25  2:35  Probe  
  26  2:38  Twilight Council  
  26  2:47  Probe  
  26  2:48  Probe  
  27  2:56  Probe  
  28  2:59  Probe  
  28  3:03  Pylon  
  32  3:05  Sentry, Probe  
  32  3:11  Probe  
  34  3:17  Probe  
  35  3:22  Robotics Facility  
  35  3:23  Probe  
  36  3:30  Probe  
  36  3:34  Dark Shrine  
  37  3:35  Probe  
  38  3:42  Probe  
  38  3:44  Gateway  
  38  3:46  Gateway  
  38  3:48  Probe  
  40  3:51  Pylon  
  40  3:55  Probe  
  41  4:00  Probe  
  41  4:01  Shield Battery, Warp Prism  
  42  4:03  Adept  
  42  4:07  Probe  
  45  4:12  Probe  
  48  4:19  Probe  
  49  4:24  Probe  
  50  4:31  Charge, Probe  
  50  4:36  Probe  
  50  4:37  Assimilator  
  52  4:39  Assimilator  
  52  4:40  Pylon  
  52  4:43  Probe  
  51  4:50  Pylon  
  51  4:52  Dark Templar x2  
  53  5:02  Probe  
  53  5:03  Probe  
  55  5:14  Probe  
  55  5:16  Gateway x2  
  55  5:18  Gateway  
  55  5:19  Dark Templar  
  55  5:20  Pylon  
  56  5:28  Warp Prism  
  58  5:31  Dark Templar  
  60  5:36  Probe  
  61  5:49  Nexus  
  59  5:56  Dark Templar  
  55  6:09  Zealot x2  
  54  6:25  Probe x2  
  56  6:36  Dark Templar  
  56  6:37  Probe  
  59  6:51  Probe x2  
  61  6:55  Assimilator  
  61  6:58  Blink  
  61  7:00  Assimilator  
  61  7:03  Zealot  
  61  7:04  Zealot, Sentry  
  61  7:05  Stalker x2  
  71  7:09  Observer  
  72  7:21  Probe x3  
  75  7:30  Observer  
  75  7:33  Probe x3  
  75  7:35  Pylon  
  79  7:39  Templar Archives  
  79  7:45  Probe x2  
  79  7:46  Probe  
  79  7:51  Zealot x6  
  86  7:57  Probe x2  
  86  7:58  Probe  
  95  8:05  Psionic Storm  
  95  8:18  High Templar x6  
  107  8:41  Probe x2  
  108  8:45  Pylon  
  108  8:47  Pylon  
  109  8:49  Nexus  
  109  8:53  Gateway  
  109  8:55  Gateway  
  109  8:57  Gateway  
  109  9:03  Observer, Probe  
  109  9:05  Pylon  
  109  9:08  High Templar x5  
  109  9:09  Zealot  
  123  9:12  Gateway  
  123  9:14  Gateway, Archon x2  
  123  9:18  Gateway  
  121  9:38  Pylon  
  119  9:39  Pylon  
  119  9:40  Pylon  
  107  9:55  Zealot x3  
  107  9:56  Zealot x3  
  117  10:22  Probe  
  117  10:23  Probe x2  
  120  10:35  Zealot x4, Probe  
  129  10:36  Zealot  
  129  10:42  Zealot x3  
  137  10:43  Zealot x4  
Tags
 
Matchup
PvT
Replay Pack
r1
Spawn Locations
Cross Positions
Add a new tag
Caveats
  • Supply blocks, unpowered buildings, or Contaminate may cause inaccurate times.
  • Supply counts are checked every 10 seconds.